Kradschützen Motorcycle Team
Construct Light Support Kompanie
Kradschützen Motorcycle Team
Construct Panzerarmee Kommand
Selects Armored Support Battlegroup
Walking Stuka Rocket Launcher
Flak 36 Anti-tank Gun Team
Selects Flammpanzer III Medium Tank
Kradschützen Motorcycle Team
Walking Stuka Rocket Launcher
Selects Command Panzer IV F Medium Tank
Walking Stuka Rocket Launcher
Kradschützen Motorcycle Team
Flak 36 Anti-tank Gun Team
Flak 36 Anti-tank Gun Team
Flak 36 Anti-tank Gun Team